 Dungeon Crawl Stone Soup version 0.25-a0-290-g4a1327ee3a (console) character file.

Game seed: 12247946943365131504, levelgen mode: deterministic

44 Kagalorn the Caller (level 3, -2/30 HPs)
             Began as a Barachi Summoner on Dec 14, 2019.
             Slain by a goblin
             ... wielding a cursed +0 dagger
             ... led by Robin
              (4 damage)
             ... on level 2 of the Dungeon.
             The game lasted 00:05:20 (2411 turns).

Kagalorn the Caller (Barachi Summoner)              Turns: 2411, Time: 00:05:20

Health: -2/30      AC:  2    Str:  9    XL:     3   Next: 60%
Magic:  0/6        EV: 12    Int: 16    God:
Gold:   36         SH:  0    Dex: 12    Spells: 5/6 levels left

rFire    . . .     SeeInvis .   a - +0 hand axe
rCold    . . .     Gourm    .   (no shield)
rNeg     . . .     Faith    .   k - +0 robe
rPois    .         Spirit   +   (no helmet)
rElec    .         Reflect  .   (no cloak)
rCorr    .         Harm     .   (no gloves)
MR       .....                  (no boots)
Stlth    ++........             m - amulet of guardian spirit
HPRegen  0.10/turn              (no ring)
MPRegen  0.10/turn              (no ring)

@: can't hop, very slightly contaminated, slow
A: +LOS, swims, slowness 1, strong legs 1
a: Hop


You were on level 2 of the Dungeon.
You were hungry.

You visited 1 branch of the dungeon, and saw 2 of its levels.

You collected 36 gold pieces.

Inventory:

Hand Weapons
 a - a +0 hand axe (weapon)
 b - a +0 hunting sling
Missiles
 g - 19 sling bullets
 j - 31 stones (quivered)
Armour
 k - a +0 robe (worn)
 n - a +0 buckler
Jewellery
 e - an uncursed ring of fire {unknown}
 i - an uncursed ring of ice {unknown}
 m - an amulet of guardian spirit (around neck)
Scrolls
 d - 3 scrolls of identify {unknown}
Potions
 f - a potion of curing
 h - 2 potions of lignification {unknown}
 l - a potion of degeneration {unknown}
Comestibles
 c - 3 rations


   Skills:
 + Level 3.7 Fighting
 - Level 2.1 Dodging
 - Level 1.7 Stealth
 - Level 2.1 Spellcasting
 * Level 4.9 Summonings


You had 5 spell levels left.
You knew the following spells:

 Your Spells              Type           Power        Failure   Level  Hunger
a - Summon Small Mammal   Summ           ###.         2%          1    #......

Your spell library contained the following spells:

 Spells                   Type           Power        Failure   Level  Hunger
 Call Imp                 Summ           ###.....     4%          2    ###....
 Call Canine Familiar     Summ           ###.....     9%          3    ###....
 Summon Guardian Golem    Hex/Summ       #.......     22%         3    ###....
 Summon Ice Beast         Ice/Summ       #.......     58%         4    #####..
 Summon Lightning Spire   Summ/Air       #.......     58%         4    #####..


Dungeon Overview and Level Annotations

Branches:
Dungeon (2/15)

Altars:
Qazlal

Annotations:
D:2 Robin


Innate Abilities, Weirdness & Mutations

You can be seen from farther away. (+LOS)
You can swim through water.
You cover ground slowly.
You can hop short distances.


Message History

You kill the goblin!
You hit the goblin.
Your bat barely misses Robin.
Your bat hits Robin but does no damage. The goblin hits you. x2
Robin misses your bat.
You hit the goblin.
You kill the goblin!
Your bat hits Robin but does no damage. x2; Robin throws the goblin at you!
The goblin barely misses you.
You barely miss the goblin.
Your bat hits Robin but does no damage. x2
Robin throws the goblin at you!
* * * LOW HITPOINT WARNING * * *
The goblin hits you with a cursed +0 dagger.
* * * LOW HITPOINT WARNING * * *
The goblin unwields a +0 hunting sling.
The goblin hits you.
* * * LOW HITPOINT WARNING * * *
You completely miss the goblin. You closely miss the goblin.
Your bat hits Robin but does no damage.
Your bat barely misses Robin.
Robin closely misses your bat.
The goblin hits you with a cursed +0 dagger.
You die...

##### ### ###...###
#########.####E#...#E########
#.....)).#.gg###...###.......
#.#####รท###r@..........######
#####.### ##.#b##...._...........
........#####g###..........#####.
##########.).....###...###.# ##.
........g(###.####E#...#E#.# ##..
.#...#g..####.# ###...###.# #.##
g..........##.# #.#.# #.# #.#
.#...#...#....# .........# #.##
................. ...#.##### #...


You could see an earth elemental, a fire elemental, an air elemental, Robin, 2
goblins, a friendly quokka and a friendly bat.

Vanquished Creatures
  An adder (D:2)
  A worm (D:2)
  A giant cockroach (D:2)
  12 goblins
  2 hobgoblins
  2 quokkas (D:2)
  A bat (D:1)
  A kobold (D:1)
  3 rats
24 creatures vanquished.

Vanquished Creatures (collateral kills)
  A dart slug (D:1)
  A leopard gecko (D:1)
  A bat (D:1)
  2 kobolds (D:1)
5 creatures vanquished.

Grand Total: 29 creatures vanquished

Notes
Turn   | Place    | Note
-------+----------+-------------------------------------------
     0 | D:1      | Kagalorn the Barachi Summoner began the quest for the Orb.
     0 | D:1      | Reached XP level 1. HP: 13/13 MP: 3/3
   505 | D:1      | Reached skill level 1 in Fighting
   697 | D:1      | Reached XP level 2. HP: 13/22 MP: 5/5
  1422 | D:2      | Reached XP level 3. HP: 2/29 MP: 4/6
  1842 | D:2      | Found a stormy altar of Qazlal.
  1846 | D:2      | Noticed a water elemental
  1846 | D:2      | Noticed a fire elemental
  1846 | D:2      | Noticed an earth elemental
  1847 | D:2      | Noticed an air elemental
  1887 | D:2      | HP: 1/29 [quokka (2)]
  2397 | D:2      | Noticed Robin
  2411 | D:2      | Slain by a goblin

Levels and vault maps discovered:
D:1:      onia_arrival_pyramid, layout_basic
D:2:      lemuel_upstairs_altar, layout_loops_ring,
          nicolae_dithmenos_shadow_blocks, nicolae_qazlal_style_of_elements,
          lemuel_coloured_pillars_altar, uniq_robin

Skill      XL: |  1  2 |
---------------+-------+-----
Fighting       | 2 3 |  3.7
Dodging        | |  2.1
Stealth        | |  1.7
Spellcasting   | |  2.1
Summonings     | |  4.9

Action                   || total
-------------------------++-------
Melee: Unarmed           ||   102
       Hand axe          ||    67
 Cast: Summon Small Mamm ||    11
 Abil: Hop               ||     1
  Use: Potion            ||     2
  Eat: Chunk             ||     5
Armor: Robe              ||    63
Dodge: Dodged            ||   133

Table legend:
 A = Non-vault XP
 B = Vault XP
 C = Vault XP percentage of total XP
 D = Non-vault monster count
 E = Vault monster count
 F = Vault count percentage of total count
                 A         B        C        D         E       F
            +---------+---------+-------+---------+---------+-------
      Total |      50 |      13 |  20.6 |      22 |       7 |  24.1
            +---------+---------+-------+---------+---------+-------
        D:1 |      22 |       0 |   0.0 |      14 |       0 |   0.0
        D:2 |      28 |      13 |  31.7 |       8 |       7 |  46.7
            +---------+---------+-------+---------+---------+-------
